 Dungeon Crawl Stone Soup version 0.19.1 (webtiles) character file.

331 Exaltedone87 the Shield-Bearer (level 6, -1/56 HPs)
             Began as a Deep Dwarf Fighter on Dec 26, 2016.
             Splashed by a jelly's acid (4 damage)
             ... on level 5 of the Dungeon.
             The game lasted 00:07:25 (2560 turns).

Exaltedone87 the Shield-Bearer (Deep Dwarf Fighter) Turns: 2560, Time: 00:07:26

Health: -1/56      AC:  1    Str: 22    XL:     6   Next: 26%
Magic:  6/6        EV:  7    Int:  8    God:
Gold:   182        SH: 12    Dex: 12    Spells: 0 memorised, 5 levels left

rFire  . . .     SeeInvis .     a - +0 war axe
rCold  . . .     Gourm    .     q - +0 chain mail
rNeg   . . .     Faith    .     r - +2 shield
rPois  .         Spirit   .     (no helmet)
rElec  .         Reflect  .     (no cloak)
rCorr  .         Harm     .     (no gloves)
MR     .....                    (no boots)
Stlth  ..........               (no amulet)
                                (no ring)
                                (no ring)

@: corroded, non-regenerating
A: damage resistance, recharge devices, sense surroundings 1, slow regeneration
3
a: Device Recharging


You were on level 5 of the Dungeon.
You were not hungry.

You visited 1 branch of the dungeon, and saw 5 of its levels.

You collected 182 gold pieces.

Inventory:

Hand Weapons
 a - a +0 war axe (weapon)
Armour
 b - a +0 scale mail
 c - a +0 shield
 q - a +0 chain mail (worn)
 r - a +2 shield (worn)
Jewellery
 f - a +1 ring of evasion {unknown}
 v - an uncursed ring of protection from magic {unknown}
Wands
 e - a wand of heal wounds (3/9)
Scrolls
 h - 2 scrolls of fog {unknown}
 i - 2 scrolls of identify {unknown}
 j - 2 scrolls of teleportation {unknown}
 k - a scroll of enchant armour {unknown}
 p - 2 scrolls of remove curse {unknown}
 w - 2 scrolls of magic mapping {unknown}
 y - 2 scrolls of amnesia {unknown}
 z - a scroll of random uselessness {unknown}
Potions
 d - a potion of might
 g - a potion of cure mutation {unknown}
 l - 3 potions of heal wounds {unknown}
 m - a potion of invisibility {unknown}
 o - a potion of degeneration {unknown}
 s - a potion of flight {unknown}
 t - a potion of haste {unknown}
 u - a potion of magic {unknown}
 x - a potion of curing {unknown}
Comestibles
 n - a beef jerky
 A - 3 chunks of flesh


   Skills:
 + Level 3.4 Fighting
 * Level 4.4 Axes
 + Level 4.1 Armour
 + Level 2.9 Dodging
 + Level 4.4 Shields


You had 5 spell levels left.
You didn't know any spells.

Dungeon Overview and Level Annotations

Branches:
Dungeon (5/15)
 Temple: D:4-7

Altars:

Annotations:
D:5 TheBest's ghost, novice TeGl


Innate Abilities, Weirdness & Mutations

You are resistant to damage.
You can recharge devices by infusing magical energy.
You passively map a small area around you.
You do not regenerate.


Message History

The jelly is heavily wounded.
The jelly hits you.
You are splashed with acid!
The acid burns!
* * * LOW HITPOINT WARNING * * *
You block the jelly's attack.
An adder comes into view.
The adder hisses angrily.
You hit the jelly. The acid corrodes you!
Your hands burn!
* * * LOW HITPOINT WARNING * * *
The jelly is heavily wounded.
The jelly hits you.
You are splashed with acid!
The acid burns!
* * * LOW HITPOINT WARNING * * *
You hit the jelly.
Your hands burn!
* * * LOW HITPOINT WARNING * * *
The jelly is severely wounded.
You block the jelly's attack.
You hit the jelly.
Your hands burn!
The jelly is almost dead.
You block the jelly's attack. The jelly hits you. The acid corrodes you!
You are splashed with acid!
The acid burns!
You die...

##+##.# #....##.. ..#
.....?.##....##.#*#..
.....#.#.....##.# #..
..............#.###..
...................<. *
....##.##.#..#.###.. #,
**#..#.#......... ,
,####S.#.#....####.
#@Joho#.#....##[..
......W###o...#....##...
*#....S.**#.........##...
#...... ...........+...
#...... .###.....)# #...
.......#.* .........###
.....?.# #.#...... *
....... ...... , * , ,


You could see a hound, a jelly, an orc wizard, TheBest's ghost, 2 adders and 2
orcs.

Vanquished Creatures
  A howler monkey (D:4)
  A crimson imp (D:4)
  An orc priest (D:4)
  2 worker ants (D:4)
  Natasha (thrice) (D:2)
  A killer bee zombie (D:5)
  An adder (D:4)
  A worm (D:2)
  2 dart slugs
  2 leopard geckos
  11 orcs
  A ball python (D:1)
  6 bats
  2 giant cockroaches
  3 goblins (D:3)
  8 hobgoblins
  3 quokkas
  2 frilled lizards
  2 kobolds
  A quokka skeleton (D:4)
  4 rats (D:3)
58 creatures vanquished.

Vanquished Creatures (others)
  An orc wizard (D:4)
1 creature vanquished.

Grand Total: 59 creatures vanquished

Notes
Turn   | Place    | Note
-------+----------+-------------------------------------------
     0 | D:1      | Exaltedone87 the Deep Dwarf Fighter began the quest for the Orb.
     0 | D:1      | Reached XP level 1. HP: 20/20 MP: 1/1
   786 | D:2      | Noticed Natasha
   789 | D:2      | Noticed an iron imp
   797 | D:2      | Noticed a crimson imp
   797 | D:2      | Killed Natasha
   797 | D:2      | Reached XP level 2. HP: 20/27 MP: 2/2
   797 | D:2      | Reached XP level 3. HP: 24/33 MP: 3/3
   942 | D:2      | Noticed Natasha
   945 | D:2      | Killed Natasha
   945 | D:2      | Reached skill level 1 in Dodging
  1055 | D:2      | Noticed Natasha
  1066 | D:2      | Killed Natasha
  1066 | D:2      | Reached XP level 4. HP: 29/42 MP: 4/4
  1840 | D:4      | Reached XP level 5. HP: 44/49 MP: 5/5
  2364 | D:4      | Reached XP level 6. HP: 34/56 MP: 6/6
  2511 | D:5      | Entered Level 5 of the Dungeon
  2556 | D:5      | Noticed TheBest's ghost (novice TeGl)
  2560 | D:5      | Splashed by a jelly's acid

Skill      XL: |  1  2  3  4  5 |
---------------+----------------+-----
Fighting       | 3 |  3.4
Axes           | 3 4 |  4.4
Dodging        | 1 2 |  2.9
Shields        | 4 |  4.4
Armour         | 4 |  4.1

Action                   |  1- 3 |  4- 6 || total
-------------------------+-------+-------++-------
Melee: War axe           |    75 |   186 ||   261
Evoke: Wand              |       |     2 ||     2
  Eat: Bread ration      |       |     1 ||     1
       Beef jerky        |       |     1 ||     1
Armor: Chain mail        |    35 |   104 ||   139
       Scale mail        |    10 |       ||    10
Dodge: Dodged            |    16 |    33 ||    49
Block: Shield            |    43 |   156 ||   199
